Map: Orbital Shipyard

Players

Blade

  • Race: Zerg Zerg
  • League: Master

ILLBdA - Winner!

  • Race: Protoss Protoss
  • League: Diamond

VOD

Have the link to the VOD?

Description

Time

  • Played on: Dec. 20, 2015, 6:36 p.m.
  • Length: 8:23
Show
View Real Time Build Order
Export as new Build Order

Blade Zerg 

Build Orders: Hatch First 

Get SALT Encoding   

  12  0:01  Drone  
  13  0:14  Overlord  
  13  0:22  Drone  
  14  0:34  Drone x2  
  16  0:40  Drone  
  17  0:58  Hatchery  
  17  1:03  Drone x2  
  18  1:24  Spawning Pool  
  18  1:41  Drone x2  
  18  1:46  Hatchery  
  19  1:58  Extractor  
  18  2:06  Hatchery  
  17  2:12  Zergling x6  
  21  2:27  Overlord  
  21  2:34  Drone  
  22  2:44  Queen  
  22  2:46  Drone  
  25  3:04  Metabolic Boost, Drone  
  26  3:10  Drone  
  27  3:18  Zergling x2  
  28  3:29  Roach Warren, Extractor  
  28  3:33  Zergling x4  
  28  3:42  Lair  
  28  3:49  Zergling x2  
  28  3:50  Zergling x4  
  28  3:55  Overlord  
  31  3:56  Zergling x4  
  31  3:58  Zergling x2  
  31  3:59  Zergling x2  
  35  4:15  Zergling x4  
  34  4:28  Zergling x6  
  34  4:30  Overlord  
  34  4:31  Hatchery  
  36  4:40  Nydus Network  
  36  4:42  Queen  
  37  5:01  Overlord  
  37  5:02  Zergling x2  
  37  5:03  Zergling x4  
  40  5:17  Nydus Canal  
  40  5:20  Queen  
  42  5:28  Zergling x4  
  44  5:39  Nydus Canal  
  37  5:50  Zergling x4  
  37  5:51  Zergling x6  
  34  6:03  Roach x2  
  34  6:07  Roach  
  35  6:17  Roach x2  
Show
View Real Time Build Order
Export as new Build Order

ILLBdA Protoss - Winner!

Build Orders:  

Get SALT Encoding   

  12  0:01  Probe (Chrono Boost)  
  13  0:11  Probe (Chrono Boost)  
  14  0:22  Probe (Chrono Boost)  
  14  0:23  Pylon  
  15  0:41  Probe (Chrono Boost)  
  16  0:47  Forge  
  16  0:52  Probe (Chrono Boost)  
  17  1:02  Probe (Chrono Boost)  
  18  1:13  Probe (Chrono Boost)  
  19  1:23  Probe (Chrono Boost)  
  19  1:24  Pylon  
  20  1:25  Pylon  
  20  1:39  Pylon  
  20  1:43  Probe (Chrono Boost)  
  21  1:53  Probe (Chrono Boost)  
  22  2:00  Photon Cannon x2  
  22  2:04  Pylon  
  22  2:07  Pylon  
  22  2:09  Probe (Chrono Boost)  
  23  2:21  Probe (Chrono Boost)  
  24  2:25  Nexus  
  24  2:26  Pylon  
  24  2:29  Gateway  
  24  2:31  Photon Cannon  
  24  2:38  Assimilator x2  
  24  2:52  Probe (Chrono Boost)  
  25  2:58  Pylon  
  25  3:05  Probe (Chrono Boost)  
  26  3:15  Probe (Chrono Boost)  
  26  3:18  Photon Cannon x2  
  27  3:20  Pylon  
  27  3:26  Cybernetics Core  
  27  3:31  Probe (Chrono Boost)  
  27  3:33  Zealot  
  30  3:39  Probe (Chrono Boost)  
  32  3:41  Probe (Chrono Boost)  
  32  3:50  Probe (Chrono Boost)  
  32  3:52  Probe (Chrono Boost)  
  33  4:00  Sentry, Probe (Chrono Boost)  
  33  4:02  Probe (Chrono Boost), Warp Gate  
  37  4:07  Protoss Ground Weapons Level 1 (Chrono Boost)  
  37  4:16  Gateway  
  37  4:17  Gateway  
  37  4:23  Sentry  
  37  4:27  Probe x2  
  41  4:39  Probe (Chrono Boost), Gateway  
  41  4:42  Gateway  
  42  4:50  Adept, Pylon  
  42  4:51  Mothership Core (Chrono Boost)  
  45  4:53  Probe (Chrono Boost)  
  47  5:05  Probe (Chrono Boost), Robotics Facility  
  48  5:07  Pylon  
  48  5:11  Probe (Chrono Boost)  
  48  5:12  Adept  
  51  5:21  Gateway  
  51  5:25  Gateway  
  51  5:31  Pylon x2  
  51  5:47  Pylon x2  
  40  6:09  Zealot x3  
  40  6:10  Zealot x2  
  47  6:22  Probe (Chrono Boost)  
  48  6:35  Probe (Chrono Boost)  
  48  6:36  Probe (Chrono Boost)  
  48  6:38  Warp Prism (Chrono Boost)  
  48  6:44  Adept x3  
  48  6:45  Adept x4  
  48  6:47  Probe  
  48  6:53  Probe  
  48  7:03  Probe  
  48  7:09  Pylon x2  
  48  7:15  Sentry  
  48  7:16  Sentry x4  
  48  7:18  Zealot x2  
  48  7:29  Probe x2  
  48  7:41  Probe  
  48  7:47  Sentry  
  48  7:48  Adept x3  
  48  7:49  Zealot x2  
  48  7:50  Zealot  
  48  8:12  Pylon  
  48  8:14  Pylon  
  48  8:16  Pylon  
  48  8:18  Assimilator  
  48  8:22  Assimilator  
Tags
 
Matchup
PvZ
Replay Pack
me
Add a new tag
Caveats
  • Supply blocks, unpowered buildings, or Contaminate may cause inaccurate times.
  • Supply counts are checked every 10 seconds.